 Dungeon Crawl Stone Soup version 0.30-a0-359-gd0147acb1a (webtiles) character file.

Game seed: 3759388192384551871

3246 oldriver the Thaumaturge (level 9, -2/69 HPs)
             Began as a Mummy Necromancer on Nov 12, 2022.
             Slain by a black bear (10 damage)
             ... on level 7 of the Dungeon.
             The game lasted 00:11:16 (7309 turns).

oldriver the Thaumaturge (Mummy Necromancer)        Turns: 7309, Time: 00:11:17

Health: -2/69      AC:  6    Str: 12    XL:     9   Next: 67%
Magic:  1/23       EV: 16    Int: 24    God:
Gold:   289        SH:  0    Dex: 12    Spells: 13/29 levels left

rFire   x . .      SeeInvis .    g - +3 whip (venom)
rCold   + . .      Faith    +    (no shield)
rNeg    + + +      Spirit   .    a - +0 robe
rPois   ∞          Reflect  .    (no helmet)
rElec   .          Harm     .    (no cloak)
rCorr   .          Rampage  .    b - +0 pair of gloves
Will    +....                    i - +2 pair of boots
Stlth   ++........               (no amulet)
HPRegen 0.31/turn                k - +4 ring of evasion
MPRegen 0.18/turn                f - +6 ring of intelligence

@: animating dead
A: cold resistance 1, negative energy resistance 3, torment resistance 2, heat
vulnerability 1, in touch with death 1, no potions, faith
a: no special abilities


You were on level 7 of the Dungeon.
You visited 2 branches of the dungeon, and saw 8 of its levels.

You collected 289 gold pieces.

Inventory:

Hand Weapons
 g - a +3 whip of venom (weapon)
Missiles
 n - a throwing net
Armour
 a - a +0 robe (worn)
 b - a +0 pair of gloves (worn)
 i - a +2 pair of boots (worn)
Jewellery
 f - a +6 ring of intelligence (right hand)
 j - a ring of see invisible
 k - a +4 ring of evasion (left hand)
Wands
 d - a wand of mindburst (6)
 l - a wand of charming (3)
 m - a wand of flame (16)
Scrolls
 c - 4 scrolls of identify
 e - 2 scrolls of teleportation
 h - a scroll of acquirement


   Skills:
 + Level 6.0 Fighting
 - Level 1.5 Dodging
 - Level 1.5 Stealth
 * Level 10.9 Spellcasting
 * Level 9.4 Necromancy


You had 13 spell levels left.
You knew the following spells:

 Your Spells              Type           Power      Damage    Failure   Level
a - Necrotise             Necr           100%       1d9       1%          1
b - Vampiric Draining     Necr           73%        2d11      1%          3
c - Animate Dead          Necr           73%        N/A       1%          4
d - Dispel Undead         Necr           73%        3d24      1%          4
e - Cigotuvi's Dreadful   Necr/Pois/Air  84%        N/A       1%          2
f - Blink                 Tloc           26%        N/A       8%          2

Your spell library contained the following spells:

 Spells                   Type           Power      Damage    Failure   Level
 Agony                    Necr           73%        N/A       2%          5
 Momentum Strike          Conj/Tloc      26%        3d8       8%          2
 Lesser Beckoning         Tloc           26%        N/A       14%         3
 Death Channel            Necr           36%        N/A       16%         6
 Summon Hydra             Summ           6%         N/A       100%        7
 Sublimation of Blood     Necr           Unusable   N/A       N/A         2
 Wereblood                Tmut           Unusable   N/A       N/A         2

Dungeon Overview and Level Annotations

Branches:
Dungeon (7/15)             Temple (1/1) D:4

Altars:
Ashenzari
Cheibriados
Dithmenos
Fedhas
Gozag
Makhleb
Nemelex Xobeh
Okawaru
Qazlal
Ru
Sif Muna
Trog
Uskayaw
Vehumet
Wu Jian
Xom
Yredelemnul

Shops:
D:1 =


Innate Abilities, Weirdness & Mutations

You are immune to poison.
Your flesh is cold resistant. (rC+)
You are immune to negative energy. (rN+++)
You are immune to unholy pain and torment.
You are vulnerable to heat. (rF-)
You are in touch with the powers of death.
You do not drink.
You have a special connection with the divine. (Faith)


Message History

Confirm with . or Enter, or press ? or * to list all spells.
Aiming: Necrotise (safe; 1% risk of failure)
Press: ? - help, Shift-Dir - straight line, f/p - black bear
Aim: a black bear (almost dead, berserk, very poisoned, chance to affect: 83%)
You feel a surge of power!
The black bear writhes in agony.
The black bear closely misses you. The black bear claws you. x2
The orc hits your orc wizard zombie with a +0 club.
The orc warrior barely misses you. The black bear closely misses you.
The black bear misses you. The black bear claws you.
Your orc wizard zombie hits the orc.
You completely miss the black bear.
The black bear is almost dead.
The black bear bites you! The black bear barely misses you.
The black bear claws you.
* * * LOW HITPOINT WARNING * * *
The orc hits your orc wizard zombie with a +0 club.
The orc warrior hits you from afar with a +0 trident.
* * * LOW HITPOINT WARNING * * *
The orc wizard barely misses your orc wizard zombie.
The orc warrior completely misses you.
The orc hits your orc wizard zombie with a +0 club.
The black bear closely misses you. The black bear claws you.
* * * LOW HITPOINT WARNING * * *
The black bear claws you.
* * * LOW HITPOINT WARNING * * *
Okay, then.
You barely miss the black bear.
The black bear is almost dead.
Your orc wizard zombie hits the orc.
The black bear bites you but does no damage.
The black bear claws you but does no damage. x2
The orc wizard points at you and mumbles some strange words.
The puff of flame hits your orc wizard zombie!
Your orc wizard zombie is destroyed!
The orc warrior closely misses you.
Unknown command.
You completely miss the black bear.
The black bear is almost dead.
The black bear bites you!
You die...

♣.. ♣♣..#.♣♣♣♣#.. ...♣
♣♣........... ♣..♣
#♣..♣#.♣♣♣♣#.. ♣..♣
#♣..♣♣ ♣.♣ #.# ♣..♣
♣♣..♣♣ ♣.♣ #.#
♣..♣♣..♣♣ ♣.♣#.#
♣..oo♣♣ ♣.#.# ♣♣o)♣♣
#.# ♣@♣♣ #.# ## #h# ##
#######.# ♣.♣♣)♣♣.♣
#.....#.# ♣.♣.♣.♣
#.......# ♣...♣
#........ ♣.♣
##.....## ♣.♣ #....##
#######.#########...##
.........).......#.##


You could see an orc warrior, a black bear (berserk, very poisoned), an orc
wizard and an orc.

Vanquished Creatures
  A boulder beetle (D:7)
  A skeletal warrior (D:7)
  A vampire (D:7)
  3 ice beasts
  2 ogres
  2 centaurs (D:6)
  2 kobold brigands (D:6)
  A gnoll sergeant (D:6)
  4 scorpions
  A necrophage (D:7)
  3 killer bees (D:7)
  3 howler monkeys (D:7)
  2 hounds
  6 orc priests
  An iguana (D:6)
  Terence (D:2)
  5 orc wizards
  A kobold zombie (D:6)
  Robin (D:4)
  4 gnolls
  4 adders
  An ufetubus (D:3)
  A dart slug (D:2)
  24 orcs
  5 ball pythons
  3 endoplasms
  4 giant cockroaches
  16 goblins
  9 hobgoblins
  9 jackals
  11 kobolds
  5 quokkas
  4 bats
  A frilled lizard (D:1)
  4 rats
146 creatures vanquished.

Vanquished Creatures (collateral kills)
  A jelly (D:7)
  An orc (D:6)
  A jackal (D:3)
3 creatures vanquished.

Vanquished Creatures (others)
  3 gnoll zombies (D:6)
  2 kobold zombies (D:6)
  5 orc zombies (D:7)
10 creatures vanquished.

Grand Total: 159 creatures vanquished

Notes
Turn   | Place    | Note
-------+----------+-------------------------------------------
     0 | D:1      | oldriver the Mummy Necromancer began the quest for the Orb.
     0 | D:1      | Reached XP level 1. HP: 13/13 MP: 4/4
   154 | D:1      | Reached skill level 3 in Spellcasting
   226 | D:1      | Reached XP level 2. HP: 20/20 MP: 4/6
   329 | D:1      | Found Down's Jewellery Shoppe.
   780 | D:1      | Found a faded altar of an unknown god.
  1044 | D:2      | Reached skill level 1 in Fighting
  1218 | D:2      | Noticed Terence
  1220 | D:2      | Gained mutation: You are in touch with the powers of death.
                  | [Mummy growth]
  1220 | D:2      | Reached XP level 3. HP: 26/26 MP: 6/8
  1266 | D:1      | Learned a level 3 spell: Vampiric Draining
  1364 | D:2      | Found a stormy altar of Qazlal.
  1475 | D:2      | Killed Terence
  1476 | D:2      | Reached skill level 4 in Spellcasting
  1676 | D:2      | Reached XP level 4. HP: 32/32 MP: 7/10
  2015 | D:3      | Reached skill level 5 in Spellcasting
  2015 | D:3      | Reached XP level 5. HP: 38/38 MP: 7/12
  2225 | D:3      | Learned a level 4 spell: Animate Dead
  2230 | D:3      | Learned a level 4 spell: Dispel Undead
  2801 | D:4      | Reached skill level 5 in Necromancy
  2801 | D:4      | Reached XP level 6. HP: 46/46 MP: 4/14
  3014 | D:4      | Noticed Robin
  3183 | D:4      | Killed Robin
  3184 | D:4      | Reached skill level 6 in Spellcasting
  3407 | D:4      | Found a burning altar of Makhleb.
  3407 | D:4      | Found a sacrificial altar of Ru.
  3415 | D:4      | Found a shimmering altar of Xom.
  3417 | D:4      | Found a shimmering blue altar of Sif Muna.
  3419 | D:4      | Found a faded altar of an unknown god.
  3543 | D:4      | Learned a level 2 spell: Cigotuvi's Dreadful Rot
  3580 | D:4      | Found a staircase to the Ecumenical Temple.
  3596 | Temple   | Entered the Ecumenical Temple
  4088 | D:5      | Entered Level 5 of the Dungeon
  4093 | D:5      | Reached XP level 7. HP: 52/52 MP: 13/16
  4566 | D:5      | Reached skill level 7 in Spellcasting
  5464 | D:6      | Reached XP level 8. HP: 60/60 MP: 12/19
  5596 | D:6      | Reached skill level 8 in Spellcasting
  6360 | D:6      | Reached skill level 9 in Spellcasting
  6665 | D:7      | Reached skill level 5 in Fighting
  6877 | D:7      | Identified a scroll of acquirement
  6940 | D:7      | Noticed a boulder beetle
  6955 | D:7      | Killed a boulder beetle
  6956 | D:7      | Reached skill level 10 in Spellcasting
  6956 | D:7      | Reached XP level 9. HP: 46/68 MP: 3/23
  7189 | D:7      | Learned a level 2 spell: Blink
  7284 | D:7      | Noticed a skeletal warrior
  7287 | D:7      | Killed a skeletal warrior
  7309 | D:7      | Slain by a black bear

Illustrated notes

Levels and vault maps discovered:
D:1:      minmay_arrival_doors, layout_basic, serial_shops,
          nicolae_shop_hallway_plus,
          dreamdust_ecumenical_altar_hidden_monk_grotto
D:2:      layout_basic, basic_altar, uniq_terence
D:3:      layout_basic
D:4:      minmay_door_path, layout_rooms, chequers_temple_overflow_minitemple,
          minmay_temple_entry_waves, uniq_robin
D:5:      layout_basic
D:6:      layout_cave_pools, nicolae_overflow_crystal_walls
D:7:      nzn_winding_woodlands_cross [nzn_winding_woodlands_5x15_eye,
          nzn_winding_woodlands_5x15_split_checker,
          nzn_winding_woodlands_5x15_crooked,
          nzn_winding_woodlands_5x15_sawtooth,
          nzn_winding_woodlands_15x15_thick_spiral], layout_loops_ring,
          gammafunk_temple_overflow_statue, nicolae_kite_square_tiling_tiny,
          uniq_duvessa
Temple:   bh_familiar_temple

Skill      XL: |  1  2  3  4  5  6  7  8  9 |
---------------+----------------------------+-----
Spellcasting   | 3 4 5 6 7 10 | 10.9
Fighting       | 1 2 3 4 5 6 |  6.0
Necromancy     | 5 6 8 9 |  9.4
Dodging        | |  1.5
Stealth        | |  1.5

Action                   |  1- 3 |  4- 6 |  7- 9 || total
-------------------------+-------+-------+-------++-------
Melee: Unarmed           |    11 |     8 |       ||    19
       Punch             |     1 |       |       ||     1
       Whip              |       |     5 |    37 ||    42
 Cast: Necrotise         |    76 |    99 |   107 ||   282
       Vampiric Draining |       |     6 |    44 ||    50
       Cigotuvi's Dreadf |       |     1 |       ||     1
       Animate Dead      |       |       |     5 ||     5
       Dispel Undead     |       |       |     5 ||     5
  Use: Scroll            |       |     3 |     5 ||     8
Armor: Robe              |     9 |    25 |    30 ||    64
Dodge: Dodged            |    30 |    55 |    84 ||   169

Table legend: (Time is in decaauts)
 A = Elapsed time spent in this place.
 B = Non-inter-level travel time spent in this place.
 C = Inter-level travel time spent in this place.
 D = Time resting spent in this place.
 E = Time spent auto-exploring this place.
 F = Levels seen in this place.
 G = Mean time per level.
                   A        B        C        D        E       F      G
               +--------+--------+--------+--------+--------+-----+--------+
         Total |   7314 |   7099 |    215 |    536 |   5460 |   8 |  914.2 |
       Dungeon |   7052 |   6858 |    194 |    536 |   5223 |   7 | 1007.4 |
        Temple |    261 |    240 |     21 |      0 |    237 |   1 |  261.0 |
               +--------+--------+--------+--------+--------+-----+--------+

Top non-repeatable levels by time:
     D:5: 1324 daAuts
     D:6: 1055 daAuts
     D:4: 1021 daAuts
     D:1: 1012 daAuts
     D:3: 977 daAuts
     D:2: 865 daAuts
     D:7: 795 daAuts
  Temple: 261 daAuts
